[Event "ICCopen2017"]
[Site "Internet Chess Club"]
[Date "2017.04.02"]
[Round "6"]
[White "lsokol"]
[Black "olimpus"]
[Result "0-1"]
[ICCResult "White resigns"]
[WhiteElo "2340"]
[BlackElo "2683"]
[Opening "Robatsch (modern) defense"]
[ECO "A40"]
[NIC "KF.05"]
[Time "20:07:20"]
[TimeControl "180+0"]

1. d4 g6 2. e4 Bg7 3. Nc3 d6 4. Be3 a6 5. Bc4 b5 6. Bb3 Bb7 7. f3 Nd7 8. a4
b4 9. Nce2 c5 10. c3 bxc3 11. bxc3 Rc8 12. Nh3 Ngf6 13. O-O O-O 14. Rb1 Rc7
15. d5 Bc8 16. Nf2 Ne5 17. Qd2 Rb7 18. h3 Bd7 19. f4 Rxb3 20. Rxb3 Nc4 21.
Qc1 Bxa4 22. Rb1 Bb5 23. Re1 Qc7 24. Ng3 Rb8 25. f5 Nd7 26. Bh6 Bh8 27. Ng4
Nce5 28. Nxe5 Nxe5 29. Qe3 Nd3 30. Rf1 Bxc3 31. fxg6 hxg6 32. Kh2 Bd4 33.
Qg5 Ne5 34. Nf5 f6 35. Qg3 Bxf1 36. Rxf1 Kf7 37. Ng7 Qa5 38. Ne6 Qc3 39. Qh4
Rh8 40. Rb1 Nf3+ 41. gxf3 Qc2+ 42. Kh1 Qxb1+ {White resigns} 0-1

[Event "ICCopen2017"]
[Site "Internet Chess Club"]
[Date "2017.04.02"]
[Round "6"]
[White "Sc6"]
[Black "ChessOptimist"]
[Result "0-1"]
[ICCResult "White checkmated"]
[WhiteElo "1719"]
[BlackElo "2039"]
[Opening "French: Winawer, classical variation"]
[ECO "C18"]
[NIC "FR.11"]
[Time "20:06:06"]
[TimeControl "180+0"]

1. e4 e6 2. d4 d5 3. Nc3 Bb4 4. e5 c5 5. a3 Bxc3+ 6. bxc3 Qc7 7. Nf3 b6 8.
Bb5+ Bd7 9. Bxd7+ Nxd7 10. O-O Ne7 11. Re1 h6 12. a4 Rc8 13. Bb2 cxd4 14.
Qxd4 Nc6 15. Qg4 O-O 16. Bc1 Ncxe5 17. Nxe5 Nxe5 18. Qh5 Ng6 19. Bxh6 gxh6
20. Re3 Qf4 21. Rg3 Qf6 22. Qxh6 Qg7 23. Qg5 Rc5 24. Qe3 Rfc8 25. Ra3 Kf8
26. h4 Qe5 27. Rg5 Qxe3 28. fxe3 Rxc3 29. Rxc3 Rxc3 30. h5 Ne7 31. h6 Ng6
32. Kf2 Rxc2+ 33. Kf3 Kg8 34. g4 Kh7 35. Rh5 Rc6 36. g5 e5 37. Rh1 e4+ 38.
Kg4 Rc2 39. Rf1 Rg2+ 40. Kh5 Ne5 41. Rf5 f6 42. Rxf6 Rh2# {White checkmated}
0-1

[Event "ICCopen2017"]
[Site "Internet Chess Club"]
[Date "2017.04.02"]
[Round "6"]
[White "JDogRob"]
[Black "takes-takes"]
[Result "0-1"]
[ICCResult "White forfeits on time"]
[WhiteElo "946"]
[BlackElo "1251"]
[Opening "Philidor's defense"]
[ECO "C41"]
[NIC "KP.10"]
[Time "20:06:31"]
[TimeControl "180+0"]

1. e4 e5 2. Nf3 d6 3. Bc4 Be7 4. Nc3 Nf6 5. d4 exd4 6. Nxd4 O-O 7. O-O Nc6
8. Be3 Nxd4 9. Bxd4 Nxe4 10. Nxe4 d5 11. Bb3 dxe4 12. Re1 c5 13. Be5 Qxd1
14. Raxd1 Bf5 15. Rd5 Be6 16. Rd2 Bxb3 17. axb3 f5 18. Rd5 Rad8 19. Red1
Rxd5 20. Rxd5 b6 21. Rd7 Rd8 22. Rxd8+ Bxd8 23. Bb8 a6 24. Kf1 Kf7 25. Ke2
Ke6 26. Ke3 Kd5 27. Kf4 h6 28. Kxf5 Kd4 29. Kg6 Bf6 30. Bc7 b5 31. Bd6 c4
32. c3+ Kd3 33. bxc4 bxc4 34. Bb4 Kc2 35. Ba3 Kb3 {White forfeits on time}
0-1

[Event "ICCopen2017"]
[Site "Internet Chess Club"]
[Date "2017.04.02"]
[Round "6"]
[White "TZ700A"]
[Black "SasaMike"]
[Result "0-1"]
[ICCResult "White checkmated"]
[WhiteElo "1432"]
[BlackElo "1703"]
[Opening "Four knights: Italian variation"]
[ECO "C55"]
[NIC "IG.01"]
[Time "20:06:38"]
[TimeControl "180+0"]

1. e4 e5 2. Nf3 Nc6 3. Bc4 Nf6 4. Nc3 Nxe4 5. Bxf7+ Kxf7 6. Nxe4 d5 7. Nfg5+
Kg8 8. Qh5 Qe7 9. Nc3 Be6 10. Nxe6 Qxe6 11. Nb5 Bd6 12. Nxd6 cxd6 13. O-O
Rf8 14. d3 Rf5 15. Qh3 h6 16. Bd2 Kh7 17. Rae1 Rhf8 18. f4 e4 19. dxe4 dxe4
20. Bc3 d5 21. Qg3 d4 22. Bd2 e3 23. Bxe3 dxe3 24. Rxe3 Qg6 25. Qe1 Rxf4 26.
Rxf4 Rxf4 27. Re6 Qxc2 28. Re2 Qc5+ 29. Kh1 Rf6 30. Qb1+ Qf5 31. Qe1 Nd4 32.
Qf1 Qxf1# {White checkmated} 0-1

[Event "ICCopen2017"]
[Site "Internet Chess Club"]
[Date "2017.04.02"]
[Round "6"]
[White "bhaiju"]
[Black "sparowe"]
[Result "1-0"]
[ICCResult "Black resigns"]
[WhiteElo "1718"]
[BlackElo "1322"]
[Opening "Ruy Lopez: Marshall counter-attack"]
[ECO "C89"]
[NIC "RL.17"]
[Time "20:07:41"]
[TimeControl "180+0"]

1. e4 e5 2. Nf3 Nc6 3. Bb5 a6 4. Ba4 Nf6 5. O-O Be7 6. Re1 b5 7. Bb3 O-O 8.
c3 d5 9. exd5 Nxd5 10. a4 Nf4 11. d4 Bd6 12. axb5 Bb7 13. bxc6 Bxc6 14. dxe5
Bc5 15. Bxf4 Bxf3 16. Qxf3 a5 17. Nd2 a4 18. Bxa4 Qh4 19. Bc6 Rxa1 20. Rxa1
Rd8 21. Ne4 Be7 22. g3 Qh3 23. Ng5 Qd7 24. Bxd7 Rxd7 25. Ra8+ Bf8 26. e6
fxe6 27. Nxe6 Rf7 28. Qd5 {Black resigns} 1-0

[Event "ICCopen2017"]
[Site "Internet Chess Club"]
[Date "2017.04.02"]
[Round "6"]
[White "DoctorWho"]
[Black "Mandragora"]
[Result "1-0"]
[ICCResult "Black checkmated"]
[WhiteElo "1953"]
[BlackElo "1558"]
[Opening "English opening"]
[ECO "A21"]
[NIC "EO.23"]
[Time "20:06:22"]
[TimeControl "180+0"]

1. c4 e5 2. Nc3 c6 3. Nf3 d6 4. d3 Bg4 5. e3 Ne7 6. Be2 Ng6 7. h3 Bxf3 8.
Bxf3 Be7 9. g3 O-O 10. Bg2 f5 11. b3 Nd7 12. h4 f4 13. h5 Nh8 14. exf4 exf4
15. Bxf4 Rxf4 16. gxf4 Bh4 17. Kf1 Qf6 18. Rc1 Re8 19. Qg4 Bxf2 20. Kxf2
Qd4+ 21. Kg3 Nf6 22. Qf5 Nf7 23. Be4 Qe3+ 24. Kh2 Rxe4 25. Nxe4 Nxe4 26.
Qxe4 Qf2+ 27. Kh3 g5 28. Rhg1 Qh4+ 29. Kg2 Qg4+ 30. Kf2 Qh4+ 31. Ke2 g4 32.
Rg2 Qxh5 33. Rcg1 Nh6 34. Qe6+ Nf7 35. Rxg4+ Kh8 36. Qe8# {Black checkmated}
1-0

[Event "ICCopen2017"]
[Site "Internet Chess Club"]
[Date "2017.04.02"]
[Round "6"]
[White "Bishopmate"]
[Black "fredx"]
[Result "1/2-1/2"]
[ICCResult "Game drawn by repetition"]
[WhiteElo "1242"]
[BlackElo "1023"]
[Opening "Queen's pawn game, Darooha variation "]
[ECO "D02"]
[NIC "QP.08"]
[Time "20:07:33"]
[TimeControl "180+0"]

1. d4 d5 2. Nf3 Nf6 3. g3 c5 4. e3 e6 5. Bg2 Be7 6. a3 O-O 7. c3 c4 8. b3
cxb3 9. Qxb3 Nc6 10. Nbd2 Bd7 11. O-O b6 12. Ne5 Na5 13. Qa2 b5 14. Ndf3 Nc4
15. Nxc4 bxc4 16. Ne5 Ba4 17. Qe2 Bb3 18. e4 dxe4 19. Bxe4 Nxe4 20. Qxe4 Bf6
21. Bf4 a5 22. Rfc1 a4 23. Nc6 Qd7 24. Ne5 Qd8 25. Nc6 Qd7 26. Ne5 Qd8 27.
Nc6 {Game drawn by repetition} 1/2-1/2

[Event "ICCopen2017"]
[Site "Internet Chess Club"]
[Date "2017.04.02"]
[Round "6"]
[White "nino-dg"]
[Black "Shadeath"]
[Result "0-1"]
[ICCResult "White checkmated"]
[WhiteElo "2376"]
[BlackElo "2726"]
[Opening "Caro-Kann: Steinitz variation"]
[ECO "B17"]
[NIC "CK.08"]
[Time "20:06:05"]
[TimeControl "180+0"]

1. e4 c6 2. d4 d5 3. Nc3 dxe4 4. Nxe4 Nd7 5. Nf3 Ngf6 6. Ng3 e6 7. Bd3 c5 8.
O-O cxd4 9. Nxd4 Bc5 10. Nb3 Be7 11. Qe2 O-O 12. c4 Qc7 13. Bg5 Re8 14. Rad1
b6 15. Rfe1 Bb7 16. Nd4 a6 17. b3 Bb4 18. Rf1 Bc5 19. Bb1 h6 20. Bc1 Qe5 21.
Qxe5 Nxe5 22. Nde2 Rad8 23. h3 Ng6 24. a3 Nh4 25. b4 Be7 26. f3 a5 27. Bd2
Rc8 28. Ba2 axb4 29. axb4 Ng6 30. Bc3 Red8 31. Nd4 Ba6 32. b5 Bb7 33. Kh2
Bd6 34. Ne2 Bb8 35. f4 Rxd1 36. Rxd1 Nxf4 37. Nxf4 Bxf4 38. Bd2 Rd8 39. c5
bxc5 40. Bxf4 Rxd1 41. Be3 Bd5 42. Bxd5 Nxd5 43. Bxc5 Rb1 44. b6 Nxb6 45.
Ne4 Nd5 46. g4 f5 47. gxf5 exf5 48. Nd6 g6 49. Kg3 Kg7 50. Nc4 Kf6 51. Bd4+
Ke6 52. Ne5 g5 53. Ng6 Rb3+ 54. Kg2 Nf4+ 55. Nxf4+ gxf4 56. Bg7 Rg3+ 57. Kh2
Rxg7 58. h4 f3 59. h5 f2 60. Kh3 f1=Q+ 61. Kh4 Qh1# {White checkmated} 0-1

[Event "ICCopen2017"]
[Site "Internet Chess Club"]
[Date "2017.04.02"]
[Round "6"]
[White "HighGround"]
[Black "ophiuchus13"]
[Result "1-0"]
[ICCResult "Black checkmated"]
[WhiteElo "1336"]
[BlackElo "1191"]
[Opening "Caro-Kann defense"]
[ECO "B12"]
[NIC "CK.01"]
[Time "20:06:30"]
[TimeControl "180+0"]

1. e4 c6 2. d4 d6 3. f4 Nd7 4. Nf3 g6 5. Bd3 Bg7 6. O-O e6 7. c3 Ne7 8. Nbd2
b5 9. Qc2 a5 10. f5 exf5 11. exf5 Nxf5 12. Bxf5 Nf6 13. Bxc8 Rxc8 14. Ne4
Ng4 15. h3 Nf6 16. Bg5 O-O 17. Rae1 d5 18. Nxf6+ Bxf6 19. Bh6 Bg7 20. Bxg7
Kxg7 21. Ne5 Qg5 22. Nd7 Rfd8 23. Ne5 f5 24. Qf2 Rc7 25. Nf3 Qf6 26. Ne5 Rf8
27. Qg3 c5 28. Nxg6 Rff7 29. Ne5+ Kf8 30. Nxf7 Rxf7 31. Qb8+ Kg7 32. Re3 h6
33. Rg3+ Kh7 34. Qxb5 cxd4 35. Qxd5 dxc3 36. Rxc3 Qb6+ 37. Kh1 Qxb2 38. Rc6
Rg7 39. Qxf5+ Kh8 40. Rc8+ Rg8 41. Rxg8+ Kxg8 42. Qf7+ Kh8 43. Qf8+ Kh7 44.
Rf7+ Kg6 45. Qg8+ Kh5 46. Rf5+ Kh4 47. Qg4# {Black checkmated} 1-0

[Event "ICCopen2017"]
[Site "Internet Chess Club"]
[Date "2017.04.02"]
[Round "6"]
[White "refid"]
[Black "Dupinpon"]
[Result "1-0"]
[ICCResult "Black resigns"]
[WhiteElo "1851"]
[BlackElo "1590"]
[Opening "King's Indian: London system"]
[ECO "A48"]
[NIC "QP.03"]
[Time "20:06:26"]
[TimeControl "180+0"]

1. d4 Nf6 2. Nf3 g6 3. Bf4 Bg7 4. e3 O-O 5. h3 d6 6. Be2 Nbd7 7. O-O c6 8.
c4 Nh5 9. Bh2 e5 10. Nc3 f5 11. Rc1 Qe7 12. b4 f4 13. Qc2 Qf7 14. b5 exd4
15. exd4 c5 16. Rfd1 cxd4 17. Nxd4 Nc5 18. Nd5 Ne6 19. Nxe6 Bxe6 20. Bf3 Bf5
21. Qd2 Rac8 22. Re1 Be5 23. Qe2 Nf6 24. Nxf6+ Qxf6 25. Bxb7 Rc7 26. Bf3
Rfc8 27. Qd2 Rxc4 28. Rxc4 Rxc4 29. Bd5+ Be6 30. Bxc4 Bxc4 31. Rc1 d5 32. a4
Qf7 33. h4 Qf6 34. Qe1 f3 35. Qxe5 Qxe5 36. Bxe5 fxg2 37. Kxg2 {Black
resigns} 1-0

[Event "ICCopen2017"]
[Site "Internet Chess Club"]
[Date "2017.04.02"]
[Round "6"]
[White "Enemigoalacecho"]
[Black "Saniser"]
[Result "0-1"]
[ICCResult "White resigns"]
[WhiteElo "2273"]
[BlackElo "2230"]
[Opening "English: New York (London) defensive system"]
[ECO "A05"]
[NIC "QP.11"]
[Time "20:06:11"]
[TimeControl "180+0"]

1. Nf3 Nf6 2. c4 c6 3. b3 d5 4. Bb2 Bf5 5. e3 e6 6. Be2 Be7 7. O-O O-O 8.
Nc3 h6 9. d4 Bh7 10. Bd3 Nbd7 11. Bxh7+ Nxh7 12. e4 dxe4 13. Nxe4 Nhf6 14.
Qe2 Nxe4 15. Qxe4 Bf6 16. Rfd1 Qc7 17. Rac1 c5 18. Qe2 Rad8 19. dxc5 Bxb2
20. Qxb2 Nxc5 21. Qe5 Qxe5 22. Nxe5 f6 23. Nf3 a5 24. Kf1 e5 25. Ke2 Kf7 26.
g4 Ne6 27. Ke3 Nc5 28. h4 Ke6 29. h5 Ke7 30. Nh4 Kf7 31. Nf5 b6 32. f3 Nb7
33. Rd5 Rxd5 34. cxd5 Nc5 35. Nd6+ Ke7 36. Nc4 Nd7 37. Nd2 Kd6 38. Ne4+ Kxd5
39. Rc7 Ke6 40. Rc6+ Ke7 41. Rc7 Rd8 42. Ng3 Kf8 43. Nf5 b5 44. Rb7 b4 45.
Ra7 Nc5 46. Rxa5 Rd3+ 47. Ke2 Rc3 48. Ra7 Nd3 49. Rxg7 Nf4+ 50. Ke1 Rxf3 51.
Rb7 e4 52. Rb8+ Kf7 53. Nd6+ Ke6 54. Nf5 Kd7 55. Nxh6 e3 56. Nf5 Rh3 57.
Rb7+ Kc6 {White resigns} 0-1

[Event "ICCopen2017"]
[Site "Internet Chess Club"]
[Date "2017.04.02"]
[Round "6"]
[White "marjose"]
[Black "Jojua"]
[Result "1-0"]
[ICCResult "Black resigns"]
[WhiteElo "1753"]
[BlackElo "1494"]
[Opening "Philidor's defense"]
[ECO "C41"]
[NIC "VO.17"]
[Time "20:06:26"]
[TimeControl "180+0"]

1. e4 d6 2. Nf3 e5 3. Bc4 h6 4. c3 Nf6 5. d3 Bg4 6. Nbd2 Nbd7 7. Nf1 c6 8.
Bb3 Be7 9. h3 Bh5 10. Ng3 Bxf3 11. Qxf3 Nc5 12. Bc2 Ne6 13. O-O Qd7 14. b4
Ng5 15. Qe3 a5 16. f4 exf4 17. Qxf4 Ne6 18. Qe3 axb4 19. cxb4 O-O 20. Nf5
Ng5 21. Qg3 g6 22. Nxh6+ Kh7 23. Bxg5 Ng8 24. Nxg8 Kxg8 25. Be3 Bf6 26. Rad1
Bg7 27. Bb3 Kh8 28. Qh4+ Kg8 29. Bh6 d5 30. Bxg7 Kxg7 31. Qg5 Rad8 32. e5
Qe6 33. Rf6 Qc8 34. d4 Rd7 35. Rdf1 Qd8 36. Bc2 Kg8 37. h4 Re7 38. h5 Re6
39. hxg6 Rxf6 40. Rxf6 fxg6 41. Qxg6+ {Black resigns} 1-0

[Event "ICCopen2017"]
[Site "Internet Chess Club"]
[Date "2017.04.02"]
[Round "6"]
[White "Last7Samurai"]
[Black "Mmario"]
[Result "1-0"]
[ICCResult "Black resigns"]
[WhiteElo "2713"]
[BlackElo "2689"]
[Opening "Caro-Kann defense"]
[ECO "B10"]
[NIC "CK.01"]
[Time "20:07:12"]
[TimeControl "180+0"]

1. e4 c6 2. Nf3 d5 3. exd5 cxd5 4. Ne5 a6 5. d4 Bf5 6. Qf3 e6 7. Bd3 Nd7 8.
Bxf5 Nxe5 9. dxe5 exf5 10. Qxf5 Ne7 11. Qd3 Nc6 12. O-O Be7 13. Qg3 Qd7 14.
Nc3 O-O-O 15. Rd1 d4 16. Ne4 Qf5 17. Re1 Qxe5 18. Bf4 Qf5 19. Bd6 Qg6 20.
Qxg6 hxg6 21. Bxe7 Nxe7 22. Ng5 Rd7 23. Nxf7 Rh5 24. Ne5 Rc7 25. Re2 Nc6 26.
Nd3 Rb5 27. Rae1 Kb8 28. a3 Ka7 29. h4 Na5 30. b3 Rc3 31. Rd2 Nc6 32. Re6 g5
33. a4 Rf5 34. g4 Rd5 35. Rg6 gxh4 36. Rxg7 Ne5 37. Nxe5 Rxe5 38. Rxd4 Rxc2
39. Rb4 a5 40. Rbxb7+ Ka6 41. Ra7+ Kb6 42. Rgb7+ Kc6 43. Rc7+ Kb6 44. Rxc2
Kxa7 45. Kg2 Rc5 46. Rxc5 {Black resigns} 1-0

[Event "ICCopen2017"]
[Site "Internet Chess Club"]
[Date "2017.04.02"]
[Round "6"]
[White "FGM21"]
[Black "Spirals"]
[Result "0-1"]
[ICCResult "White forfeits on time"]
[WhiteElo "1902"]
[BlackElo "2186"]
[Opening "Sicilian: Najdorf"]
[ECO "B90"]
[NIC "SI.14"]
[Time "20:06:08"]
[TimeControl "180+0"]

1. e4 c5 2. Nf3 d6 3. d4 cxd4 4. Nxd4 Nf6 5. Nc3 a6 6. f3 e5 7. Nb3 h5 8.
Be3 Be6 9. Qd2 Nbd7 10. Nd5 Nxd5 11. exd5 Bf5 12. c4 Be7 13. Bd3 Bxd3 14.
Qxd3 Rc8 15. O-O O-O 16. Rac1 f5 17. Rfd1 b6 18. c5 Nxc5 19. Nxc5 bxc5 20.
Qxa6 Ra8 21. Qc4 Qa5 22. b3 Rfb8 23. a4 Qb4 24. Qd3 g6 25. Rb1 Kf7 26. h3 f4
27. Bf2 Rb7 28. Rdc1 Qb6 29. b4 Qa6 30. Qxa6 Rxa6 31. bxc5 Rxb1 32. Rxb1
dxc5 33. Rb7 Ke8 34. Rc7 Kd8 35. Rc6 Rxc6 36. dxc6 Kc7 37. g3 Kxc6 38. gxf4
exf4 39. Kf1 Kb6 40. Be1 c4 41. Ke2 Bc5 42. Bc3 Be3 43. Kd1 Kc5 44. Kc2 g5
45. Bf6 g4 46. hxg4 hxg4 47. fxg4 f3 48. Kd1 Bd4 49. g5 c3 50. Be7+ Kc4
{White forfeits on time}
0-1

[Event "ICCopen2017"]
[Site "Internet Chess Club"]
[Date "2017.04.02"]
[Round "6"]
[White "thxgg"]
[Black "azchess15"]
[Result "1-0"]
[ICCResult "Black forfeits on time"]
[WhiteElo "1847"]
[BlackElo "2078"]
[Opening "Nimzo-Indian: 4.e3 c5, 5.Ne2 (Rubinstein, anti-Hübner system)"]
[ECO "E42"]
[NIC "NI.16"]
[Time "20:06:11"]
[TimeControl "180+0"]

1. d4 Nf6 2. c4 e6 3. Nc3 Bb4 4. e3 c5 5. Ne2 O-O 6. a3 Bxc3+ 7. Nxc3 b6 8.
d5 d6 9. Bd3 exd5 10. cxd5 Re8 11. O-O h6 12. e4 Nbd7 13. f4 c4 14. Bc2 Bb7
15. Qf3 Nc5 16. g4 Nh7 17. g5 hxg5 18. Kh1 Nd3 19. fxg5 Rf8 20. Bxd3 cxd3
21. Qxd3 g6 22. Bf4 Qe7 23. Qg3 Rad8 24. Rae1 Rfe8 25. h4 Qf8 26. Kh2
{Black forfeits on time}
1-0

[Event "ICCopen2017"]
[Site "Internet Chess Club"]
[Date "2017.04.02"]
[Round "6"]
[White "spoks7th"]
[Black "LiangLiang"]
[Result "1-0"]
[ICCResult "Black forfeits on time"]
[WhiteElo "2125"]
[BlackElo "1835"]
[Opening "Sicilian: Najdorf, Byrne (English) attack"]
[ECO "B90"]
[NIC "SI.14"]
[Time "20:06:51"]
[TimeControl "180+0"]

1. e4 c5 2. Nf3 d6 3. d4 cxd4 4. Nxd4 Nf6 5. Nc3 a6 6. Be3 e5 7. Nb3 Be6 8.
h3 h5 9. Be2 Be7 10. f4 g6 11. Qd2 Nbd7 12. O-O-O b5 13. Bf3 Nb6 14. fxe5
dxe5 15. Qxd8+ Bxd8 16. Rxd8+ Rxd8 17. Bxb6 Rb8 18. Bc7 Rc8 19. Bxe5 Ke7 20.
Nd5+ Nxd5 21. exd5 f6 22. Bxf6+ Kxf6 23. dxe6 Kxe6 24. Re1+ Kf6 25. Be4 Rhe8
26. Rf1+ Kg7 27. Bd3 Rf8 28. Rxf8 Rxf8 29. Be4 Rf1+ 30. Kd2 Rf2+ 31. Kc3 Rf4
32. Bf3 Rc4+ 33. Kd3 Ra4 34. a3 Rc4 35. Nd4 Kf6 36. Bb7 Rc7 37. Bxa6 b4 38.
axb4 Ra7 39. Bc4 Re7 40. b5 Rb7 41. Bd5 Rb6 42. Bc6 {Black forfeits on time}
1-0

[Event "ICCopen2017"]
[Site "Internet Chess Club"]
[Date "2017.04.02"]
[Round "6"]
[White "Unico"]
[Black "LeonSantillan"]
[Result "1-0"]
[ICCResult "Black resigns"]
[WhiteElo "2407"]
[BlackElo "1872"]
[Opening "Robatsch defense: Geller's system"]
[ECO "A40"]
[NIC "QO.17"]
[Time "20:06:38"]
[TimeControl "180+0"]

1. d4 g6 2. Nf3 Bg7 3. e4 d6 4. c3 e6 5. Bd3 Ne7 6. O-O h6 7. Re1 Nd7 8.
Nbd2 O-O 9. a4 b6 10. a5 a6 11. axb6 cxb6 12. Nc4 d5 13. Nd6 Qc7 14. e5 Bb7
15. Bf4 Nc8 16. Qd2 Kh7 17. h4 h5 18. Ng5+ Kg8 19. Bxg6 Nxd6 20. exd6 Qd8
21. Bxh5 Qf6 22. Bg4 Rfe8 23. g3 e5 24. Bxd7 exf4 25. Bxe8 fxg3 26. Bxf7+
Kh8 27. fxg3 {Black resigns} 1-0

[Event "ICCopen2017"]
[Site "Internet Chess Club"]
[Date "2017.04.02"]
[Round "6"]
[White "DGint"]
[Black "ROWLAND"]
[Result "1/2-1/2"]
[ICCResult "Game drawn by repetition"]
[WhiteElo "1742"]
[BlackElo "1519"]
[Opening "Philidor: exchange variation"]
[ECO "C41"]
[NIC "KP.08"]
[Time "20:06:58"]
[TimeControl "180+0"]

1. e4 e5 2. Nf3 d6 3. d4 exd4 4. Nxd4 Nf6 5. Nc3 Be7 6. Bc4 O-O 7. O-O Nxe4
8. Nxe4 d5 9. Bd3 dxe4 10. Bxe4 Re8 11. Nf5 Bxf5 12. Bxf5 Qxd1 13. Rxd1 Nc6
14. Bf4 Bf6 15. c3 Ne5 16. Bxe5 Bxe5 17. Rd7 Rad8 18. Rad1 Rxd7 19. Rxd7 Bd6
20. g3 g6 21. Bd3 Kf8 22. Bc4 Re7 23. Rxe7 Kxe7 24. Kg2 f5 25. f4 Kf6 26.
Kf3 h6 27. h4 g5 28. fxg5+ hxg5 29. hxg5+ Kxg5 30. Bd3 f4 31. gxf4+ Bxf4 32.
b3 Be5 33. c4 Kf6 34. Ke4 Ke6 35. Be2 c5 36. Bg4+ Kd6 37. Bf5 b6 38. a4 Bc3
39. Kd3 Bd4 40. Kc2 Ke5 41. Bd3 a5 42. Bg6 Kf4 43. Bd3 Ke3 44. Bg6 Ke2 45.
Bh7 Ke1 46. Bg6 Ke2 47. Bh7 Ke1 48. Bg6 Ke2 {Game drawn by repetition}
1/2-1/2

[Event "ICCopen2017"]
[Site "Internet Chess Club"]
[Date "2017.04.02"]
[Round "6"]
[White "MrBoris"]
[Black "simplerxiao"]
[Result "1-0"]
[ICCResult "Black checkmated"]
[WhiteElo "2030"]
[BlackElo "1981"]
[Opening "Budapest: Rubinstein variation"]
[ECO "A52"]
[NIC "QG.01"]
[Time "20:06:15"]
[TimeControl "180+0"]

1. d4 Nf6 2. c4 e5 3. dxe5 Ng4 4. Bf4 Nc6 5. Nf3 Bb4+ 6. Nbd2 Qe7 7. e3
Ngxe5 8. Nxe5 Nxe5 9. Be2 O-O 10. O-O d6 11. Nb3 Ng6 12. Bg3 Bf5 13. a3 Bc5
14. Nxc5 dxc5 15. Qd5 Be4 16. Qh5 Rad8 17. Rfd1 Bc6 18. b3 b6 19. a4 a5 20.
Bf3 Bxf3 21. Qxf3 Ne5 22. Qe4 Rde8 23. Qxe5 Qxe5 24. Bxe5 Rxe5 25. Rd7 Re6
26. Rad1 Rc6 27. Re7 Rd6 28. Rxd6 cxd6 29. Rd7 Rb8 30. Rxd6 g6 31. g4 Kg7
32. Kg2 h6 33. h4 Rb7 34. Kg3 Kf8 35. e4 Ke7 36. e5 Rb8 37. f4 Rb7 38. Kf3
Rb8 39. Ke4 Rb7 40. f5 gxf5+ 41. gxf5 Rb8 42. f6+ Ke8 43. Kd5 Rc8 44. e6
fxe6+ 45. Kxe6 Kf8 46. Rxb6 Re8+ 47. Kf5 Re1 48. Rb8+ Kf7 49. Rb7+ Kf8 50.
Kg6 Rg1+ 51. Kxh6 Rg4 52. h5 Rg1 53. Rb5 Kf7 54. Rxc5 Rg8 55. Rxa5 Kxf6 56.
Ra6+ Kf5 57. Kh7 Rb8 58. Ra5+ Kf6 59. Rb5 Rc8 60. a5 Rc7+ 61. Kh6 Rc8 62.
Rb6+ Kf5 63. a6 Rh8+ 64. Kg7 Rxh5 65. a7 Rg5+ 66. Kf7 Rh5 67. Rb5+ Kg4 68.
Rxh5 Kxh5 69. a8=Q Kg5 70. Qe4 Kh5 71. Qg2 Kh4 72. Kf6 Kh5 73. Qg5#
{Black checkmated}
1-0

[Event "ICCopen2017"]
[Site "Internet Chess Club"]
[Date "2017.04.02"]
[Round "6"]
[White "ehkopean"]
[Black "xvs"]
[Result "0-1"]
[ICCResult "White forfeits on time"]
[WhiteElo "1631"]
[BlackElo "1874"]
[Opening "Sicilian: closed, 2...Nc6"]
[ECO "B23"]
[NIC "SI.44"]
[Time "20:06:22"]
[TimeControl "180+0"]

1. e4 c5 2. Nc3 Nc6 3. Bb5 Qb6 4. Bxc6 bxc6 5. f4 Ba6 6. d3 g6 7. Nf3 Bg7 8.
O-O c4+ 9. Kh1 cxd3 10. cxd3 Nf6 11. Qe2 O-O 12. Be3 Qa5 13. a3 c5 14. b4
cxb4 15. axb4 Qxb4 16. Bd4 Ng4 17. e5 Bb7 18. Rab1 Bxf3 19. Qxf3 Qxd4 20.
Nb5 Qc5 21. Qxg4 a6 22. d4 Qc6 23. Rfc1 Qe4 24. Nc7 Rac8 25. Re1 Qxd4 26.
Red1 Qa7 27. Nd5 d6 28. Qg5 f6 29. Qh4 dxe5 30. fxe5 g5 31. Qg4 Kh8 32. Qe6
Rce8 33. Rbc1 Qf2 34. Nc7 Rc8 35. Qxe7 fxe5 36. Ne6 Qf6 37. Qxf6 Bxf6 38.
Nxf8 Rxf8 39. Rf1 Kg7 {White forfeits on time} 0-1

[Event "ICCopen2017"]
[Site "Internet Chess Club"]
[Date "2017.04.02"]
[Round "6"]
[White "giovana64"]
[Black "BenkoChess"]
[Result "0-1"]
[ICCResult "White forfeits on time"]
[WhiteElo "1623"]
[BlackElo "1826"]
[Opening "QGD: Cambridge Springs defense"]
[ECO "D52"]
[NIC "QO.15"]
[Time "20:06:21"]
[TimeControl "180+0"]

1. d4 d5 2. c4 e6 3. Nf3 Nf6 4. Bg5 Nbd7 5. Nc3 c6 6. e3 Qa5 7. Qc2 Ne4 8.
Bf4 Bb4 9. Rc1 Qxa2 10. Nd2 Nxc3 11. bxc3 Qxc2 12. Rxc2 Be7 13. cxd5 exd5
14. c4 Nf6 15. cxd5 Nxd5 16. Bg3 O-O 17. Be2 Nb4 18. Rb2 Be6 19. O-O a5 20.
Bc4 b5 21. Bxe6 fxe6 22. Ne4 Rfd8 23. f3 Rac8 24. Be1 Nd3 25. Rb3 Nxe1 26.
Rxe1 a4 27. Rbb1 e5 28. dxe5 b4 29. Nd6 Bxd6 30. exd6 c5 31. Red1 Rc6 32.
Ra1 a3 33. Rac1 b3 34. Rc3 c4 35. d7 a2 36. e4 b2 37. Ra3 b1=Q
{White forfeits on time}
0-1

[Event "ICCopen2017"]
[Site "Internet Chess Club"]
[Date "2017.04.02"]
[Round "6"]
[White "Massada"]
[Black "kaalzar"]
[Result "0-1"]
[ICCResult "White forfeits on time"]
[WhiteElo "1491"]
[BlackElo "1368"]
[Opening "Ruy Lopez: classical (Cordel) defense"]
[ECO "C64"]
[NIC "RL.01"]
[Time "20:06:40"]
[TimeControl "180+0"]

1. e4 e5 2. Nf3 Nc6 3. Bb5 Bc5 4. d3 d6 5. O-O Bg4 6. c3 a6 7. h3 Bxf3 8.
Bxc6+ bxc6 9. Qxf3 Ne7 10. Nd2 O-O 11. Nb3 Bb6 12. Kh1 f5 13. exf5 Rxf5 14.
Qg4 Rxf2 15. Bh6 Rxf1+ 16. Rxf1 Ng6 17. Qe6+ Kh8 18. Bd2 Qh4 19. Rf5 Qg3 20.
Rg5 Qxd3 21. Rf5 Rg8 22. Rf7 Qb1+ 23. Kh2 Qg1+ 24. Kg3 Nf4
{White forfeits on time}
0-1

[Event "ICCopen2017"]
[Site "Internet Chess Club"]
[Date "2017.04.02"]
[Round "6"]
[White "vbtry3"]
[Black "Step2Me"]
[Result "0-1"]
[ICCResult "White forfeits on time"]
[WhiteElo "1700"]
[BlackElo "1420"]
[Opening "two knights defense: Kieseritsky variation"]
[ECO "C58"]
[NIC "KP.01"]
[Time "20:06:56"]
[TimeControl "180+0"]

1. e4 e5 2. Nf3 Nc6 3. Bc4 Nf6 4. Ng5 d5 5. exd5 Na5 6. d3 Nxc4 7. dxc4 Bc5
8. h3 h6 9. Nf3 e4 10. Nd4 Qe7 11. c3 Qe5 12. Be3 Bd6 13. Nb5 O-O 14. Nxd6
Qxd6 15. Na3 a6 16. Nc2 Re8 17. b4 Nd7 18. c5 Qg6 19. Qg4 Ne5 20. Qxg6 Nxg6
21. O-O f5 22. g3 f4 23. gxf4 Bxh3 24. Rfd1 Nh4 25. Nd4 Bg4 26. Kh2 Nf5 27.
Nxf5 Bxf5 28. d6 cxd6 29. cxd6 Re6 30. d7 Rd8 31. Rd5 Bg6 32. Rad1 Bh5 33.
R1d2 Bf3 34. f5 Re7 35. Bb6 e3 36. fxe3 Bxd5 37. Rxd5 Rdxd7 38. Rxd7 Rxd7
39. Bd4 Kf7 40. Kg3 b5 41. Kf4 Rd5 42. e4 Rd6 43. e5 Rc6 44. e6+ Ke7 45. Ke5
Kf8 46. Bc5+ Kg8 47. Kd5 Rc8 48. Kd6 Rd8+ {White forfeits on time} 0-1

[Event "ICCopen2017"]
[Site "Internet Chess Club"]
[Date "2017.04.02"]
[Round "6"]
[White "kwameh72"]
[Black "Capablancacom"]
[Result "1-0"]
[ICCResult "Black forfeits on time"]
[WhiteElo "1532"]
[BlackElo "1301"]
[Opening "Caro-Kann defense"]
[ECO "B12"]
[NIC "QO.17"]
[Time "20:07:38"]
[TimeControl "180+0"]

1. d4 c6 2. e4 g6 3. Nc3 Bg7 4. Be3 d6 5. Qd2 Nd7 6. O-O-O Qa5 7. h4 h5 8.
f3 b5 9. Kb1 b4 10. Nce2 Ba6 11. Nh3 Ngf6 12. Nc1 Bxf1 13. Rhxf1 Rd8 14. Nb3
Qa4 15. Qd3 a5 16. f4 Qb5 17. Qxb5 cxb5 18. e5 Ng4 19. Bg1 a4 20. Na5 dxe5
21. dxe5 O-O 22. Nc6 Rc8 23. Nxe7+ Kh7 24. Nxc8 Rxc8 25. Rxd7 b3 26. axb3
axb3 27. cxb3 Nxe5 28. Ng5+ {Black forfeits on time} 1-0